 Dungeon Crawl Stone Soup version 0.26.0-10-g1f06aea511 (webtiles) character file.

Game seed: 2430965903279425010

577133 nightchill the Slayer (level 27, -16/216 HPs)
             Began as a Merfolk Ice Elementalist on Jan 30, 2021.
             Was an Elder of Hepliaklqana.
             Demolished by a golden dragon (22 damage)
             ... on level 1 of the Realm of Zot on Feb 6, 2021.
             The game lasted 08:01:30 (110545 turns).

nightchill the Slayer (Merfolk Ice Elementalist)  Turns: 110545, Time: 08:01:31

Health: -16/216    AC: 33    Str: 21    XL:     27
Magic:  47/47      EV: 20    Int: 19    God:    Hepliaklqana [****..]
Gold:   4432       SH:  5    Dex: 13    Spells: 24/48 levels left

rFire    + + .     SeeInvis +   a - +12 glaive of Prune {vorpal}
rCold    + + .     Faith    .   (shield currently unavailable)
rNeg     + + +     Spirit   .   Z - +8 chain mail {rC+}
rPois    +         Reflect  +   e - +0 helmet of Caogyhoi {Rampage rCorr Int+2 Stlth+} (curse)
rElec    .         Harm     .   U - scarf {rC+ rF+}
rCorr    +         Rampage  +   r - +1 pair of gloves of Jetommudd {*Drain rPois Will+ MP+9 Str+3}
Will     ++++.                  Q - +2 pair of boots {Stlth+}
Stlth    ++++......             B - amulet of reflection
HPRegen  0.46/turn              f - ring of protection from fire
MPRegen  0.30/turn              N - ring of the Moon {rN+++ Will+ AC+4 Dex-2 SInv}

@: very slightly contaminated, studying Fighting, invisible
A: change form in water, swift swim, stealthy swim, reduced essence
}: 3/15 runes: barnacled, silver, gossamer
a: Renounce Religion, Recall Ancestor, Ancestor Identity, Transference, Idealise


You were on level 1 of the Realm of Zot.
You worshipped Hepliaklqana.
Hepliaklqana was greatly pleased with you.
You visited 11 branches of the dungeon, and saw 48 of its levels.
You visited 2 bazaars.

You collected 9721 gold pieces.
You spent 5289 gold pieces at shops.

Inventory:

Hand Weapons
 a - the +12 glaive of Prune (weapon) {vorpal}
   (You acquired it in a bazaar)

   It inflicts extra damage upon your enemies.
 b - a +5 bardiche of flaming
Missiles
 P - 18 atropa-tipped darts (quivered)
Armour
 e - the cursed +0 helmet of Caogyhoi (worn) {Rampage rCorr Int+2 Stlth+}
   (You bought it in a shop on level 4 of the Vaults)

   It affects your intelligence (+2).
   It provides partial protection from all sources of acid and corrosion.
   It bestows one free step when moving towards enemies.
   It makes you more stealthy.
   It has a curse placed upon it.
 r - the +1 pair of gloves of Jetommudd (worn) {*Drain rPois Will+ MP+9 Str+3}
   (You bought it in a shop on level 2 of the Orcish Mines)

   It affects your strength (+3).
   It protects you from poison.
   It affects your willpower, your defense against some magical effects.
   It affects your magic capacity (+9).
   It causes draining when unequipped.
 Q - a +2 pair of boots of stealth (worn)
 U - a scarf of resistance (worn)
 Z - a +8 chain mail of cold resistance (worn)
Jewellery
 f - a ring of protection from fire (left hand)
 v - an uncursed ring of protection from cold
 B - an amulet of reflection (around neck)
 C - an uncursed ring of willpower
 K - the ring of Firos {+Inv +Fly rElec rPois rF-}
   (You acquired it on level 3 of the Shoals)

   [ring of flight]

   It makes you vulnerable to fire.
   It insulates you from electricity.
   It protects you from poison.
   It lets you turn invisible.
   It lets you fly.
 N - the ring of the Moon (right hand) {rN+++ Will+ AC+4 Dex-2 SInv}
   (You found it on level 3 of the Elven Halls)

   [ring of protection]

   It affects your AC (+4).
   It affects your dexterity (-2).
   It renders you almost immune to negative energy.
   It affects your willpower, your defense against some magical effects.
   It lets you see invisible.
 Y - the ring "Enikhlo" {rN+ Str+5 Stlth+}
   (You found it on level 5 of the Vaults)

   [ring of positive energy]

   It affects your strength (+5).
   It protects you from negative energy.
   It makes you more stealthy.
Wands
 l - a wand of iceblast (4)
 u - a wand of enslavement (22)
 F - a wand of paralysis (14)
 T - a wand of flame (55)
 V - a wand of disintegration (31)
 W - a wand of digging (22)
 X - a wand of polymorph (45)
Scrolls
 c - 4 scrolls of brand weapon
 d - 30 scrolls of teleportation
 h - 2 scrolls of summoning
 j - 4 scrolls of identify
 k - 2 scrolls of blinking
 n - 25 scrolls of remove curse
 o - 4 scrolls of silence
 q - 9 scrolls of amnesia
 t - 10 scrolls of fear
 w - 11 scrolls of immolation
 G - 11 scrolls of fog
 J - 5 scrolls of enchant armour
 L - 2 scrolls of enchant weapon
 M - 3 scrolls of vulnerability
 R - 4 scrolls of magic mapping
Potions
 g - 6 potions of curing
 i - 7 potions of flight
 p - 6 potions of resistance
 s - 4 potions of magic
 x - 6 potions of haste
 z - 2 potions of cancellation
 A - 5 potions of brilliance
 E - 2 potions of might
 O - a potion of invisibility
 S - 2 potions of mutation
Books
 m - a manual of Fighting
Miscellaneous
 y - a box of beasts
 D - a phantom mirror
 H - a lightning rod (4/4)
 I - a condenser vane


   Skills:
 + Level 24.4 Fighting
 - Level 20.0 Polearms
 + Level 15.2 Armour
 + Level 22.6 Dodging
 - Level 12.0 Stealth
 - Level 11.1 Spellcasting
 + Level 8.8 Translocations
 * Level 13.6 Ice Magic
 - Level 11.1 Invocations
 + Level 18.2 Evocations


You had 24 spell levels left.
You knew the following spells:

 Your Spells              Type           Power        Failure   Level
a - Freeze                Ice            100%         1%          1
b - Frozen Ramparts       Ice            100%         1%          3
c - Ozocubu's Armour      Ice            58%          1%          3
d - Hailstorm             Conj/Ice       36%          21%         4
e - Apportation           Tloc           88%          1%          1
f - Blink                 Tloc           N/A          1%          2
g - Passage of Golubria   Tloc           N/A          9%          4
h - Ozocubu's Refrigerat  Ice            29%          19%         6

Your spell library contained the following spells:

 Spells                   Type           Power        Failure   Level
 Gell's Gravitas          Tloc           22%          2%          3
 Lesser Beckoning         Tloc           22%          2%          3
 Ensorcelled Hibernation  Hex/Ice        72%          3%          2
 Ice Form                 Ice/Tmut       36%          21%         4
 Summon Ice Beast         Ice/Summ       36%          21%         4
 Animate Skeleton         Necr           20%          32%         1
 Beastly Appendage        Tmut           20%          32%         1
 Corona                   Hex            11%          32%         1
 Foxfire                  Conj/Fire      40%          32%         1
 Magic Dart               Conj           40%          32%         1
 Pain                     Necr           40%          32%         1
 Sandblast                Erth           20%          32%         1
 Shock                    Conj/Air       40%          32%         1
 Sting                    Tmut/Pois      40%          32%         1
 Summon Small Mammal      Summ           40%          32%         1
 Call Imp                 Summ           10%          45%         2
 Corpse Rot               Necr/Air       N/A          45%         2
 Passwall                 Tmut/Erth      8%           45%         2
 Searing Ray              Conj           20%          45%         2
 Slow                     Hex            10%          45%         2
 Sublimation of Blood     Necr           5%           45%         2
 Swiftness                Air            10%          45%         2
 Wereblood                Tmut           10%          45%         2
 Iskenderun's Mystic Bla  Conj/Tloc      27%          47%         4
 Metabolic Englaciation   Hex/Ice        18%          50%         5
 Call Canine Familiar     Summ           10%          69%         3
 Confusing Touch          Hex            10%          69%         3
 Conjure Flame            Conj/Fire      10%          69%         3
 Dazzling Flash           Conj/Hex       20%          69%         3
 Ignite Poison            Fire/Tmut/Pois 10%          69%         3
 Inner Flame              Hex/Fire       10%          69%         3
 Mephitic Cloud           Conj/Pois/Air  10%          69%         3
 Spider Form              Tmut/Pois      5%           69%         3
 Static Discharge         Conj/Air       10%          69%         3
 Stone Arrow              Conj/Erth      20%          69%         3
 Summon Guardian Golem    Hex/Summ       10%          69%         3
 Tukima's Dance           Hex            10%          69%         3
 Vampiric Draining        Necr           5%           69%         3
 Dispersal                Tloc           22%          80%         6
 Airstrike                Air            5%           97%         4
 Animate Dead             Necr           5%           97%         4
 Cause Fear               Hex            5%           97%         4
 Fulminant Prism          Conj/Hex       5%           97%         4
 Petrify                  Tmut/Erth      10%          97%         4
 Sticky Flame             Conj/Fire      10%          97%         4
 Summon Lightning Spire   Summ/Air       10%          97%         4
 Simulacrum               Ice/Necr       18%          97%         6
 Agony                    Necr           10%          100%        5
 Alistair's Intoxication  Tmut/Pois      6%           100%        5
 Blade Hands              Tmut           5%           100%        5
 Bolt of Magma            Conj/Fire/Erth 5%           100%        5
 Borgnjor's Vile Clutch   Necr/Erth      5%           100%        5
 Fireball                 Conj/Fire      5%           100%        5
 Irradiate                Conj/Tmut      5%           100%        5
 Lee's Rapid Deconstruct  Erth           5%           100%        5
 Lightning Bolt           Conj/Air       5%           100%        5
 Silence                  Hex/Air        5%           100%        5
 Yara's Violent Unravell  Hex/Tmut       5%           100%        5
 Conjure Ball Lightning   Conj/Air       5%           100%        6
 Death Channel            Necr           5%           100%        6
 Eringya's Noxious Bog    Tmut/Pois      5%           100%        6
 Freezing Cloud           Conj/Ice/Air   13%          100%        6
 Invisibility             Hex            10%          100%        6
 Iron Shot                Conj/Erth      5%           100%        6
 Starburst                Conj/Fire      5%           100%        6
 Dragon Form              Tmut           5%           100%        7
 Haunt                    Necr/Summ      5%           100%        7
 Borgnjor's Revivificati  Necr           5%           100%        8
 Discord                  Hex            5%           100%        8
 Disjunction              Tloc           22%          100%        8
 Ignition                 Fire           5%           100%        8
 Infestation              Necr           5%           100%        8
 Necromutation            Tmut/Necr      5%           100%        8
 Death's Door             Necr           5%           100%        9
 Dragon's Call            Summ           5%           100%        9
 Shatter                  Erth           5%           100%        9


Dungeon Overview and Level Annotations

Branches:
Dungeon (15/15)            Temple (1/1) D:4            Lair (5/6) D:10
 Shoals (4/4) Lair:2       Spider (4/4) Lair:4        Slime (0/5) Lair:5
    Orc (2/2) D:10            Elf (3/3) Orc:2        Vaults (5/5) D:13
  Crypt (3/3) Vaults:3       Tomb (0/3) Crypt:3      Depths (5/5) D:15
    Zot (1/5) Depths:5

Altars:
Ashenzari
Cheibriados
Dithmenos
Elyvilon
Fedhas
Gozag
Hepliaklqana
Kikubaaqudgha
Makhleb
Nemelex Xobeh
Okawaru
Qazlal
Ru
Sif Muna
Trog
Uskayaw
Vehumet
Wu Jian
Xom
Yredelemnul
Zin
The Shining One
Beogh
Jiyva

Shops:
D:8 [   D:9 !   D:11 !   Orc:2 *([:   Elf:2 =   Shoals:2 }   Shoals:3 =[[[
Vaults:1 *   Vaults:4 [

Portals:
Hell: Depths:1 Depths:2 Depths:3 Depths:4 Depths:5
Abyss: Depths:4
Pandemonium: Depths:1 Depths:3 Depths:5
Ziggurat: Depths:3
Trove: Depths:1 (give horn of Geryon)

Annotations:
D:5 exclusion: downstairs
D:12 exclusions: downstairs and orange crystal statue
Lair:2 !blink frogs
Lair:4 exclusion: knight
Lair:5 4 runed translucent doors, exclusion: 4 doors, Kaofid's ghost, journeyman GrEE; Sonja
Shoals:1 exclusion: knight
Shoals:2 !careful
Shoals:3 exclusion: downstairs
Spider:1 !careful, 2 exclusions
Spider:4 1 exclusion
Orc:2 exclusion: upstairs
Elf:2 1 exclusion
Vaults:1 exclusions: downstairs and knight
Vaults:2 !mennas, 1 exclusion, Mennas
Vaults:4 exclusion: 3 doors, Bai Suzhen
Vaults:5 !danger
Crypt:2 exclusion: downstairs
Crypt:3 exclusion: 3 doors
Depths:3 exclusions: downstairs and knight
Depths:4 exclusion: 2 downstairs
Depths:5 !danger


Message History

* * * LOW HITPOINT WARNING * * *
You stumble backwards!
The moth of wrath's fur bristles in rage as it notices you.
The green draconian annihilator hits Tobus Maximus with a +0 dagger.
The green draconian annihilator completely misses Tobus Maximus.
Evoke which item? (* to show all) (? for menu, Esc to quit)
Aiming: Paralyse
Press: ? - help, Shift-Dir - straight line, f - golden dragon
Aim: a golden dragon (severely wounded, berserk, chance to affect: 0%)
Okay, then.
Press: ? - help, v - describe, . - travel
Here: a golden dragon (severely wounded, berserk)
The floor.
Evoke which item? (* to show all) (? for menu, Esc to quit)
Aiming: Dig
Press: ? - help, Shift-Dir - straight line A rock wall.
The rock shatters into small pieces.
The golden dragon closely misses you. The golden dragon claws you!!
You die...

#####
#####+#∩..# #.
#.......#.# ...
#.#...###.##...
#........#..#
##..####....
##....#..#
#...##...#
#.###@####
#..qD## #.##R.#
#...#..#
.....#y)#
......###[#
#.#..... #....#
# ###... #.##.#
.... ..# #


You could see the friendly Tobus Maximus the knight (fast), a golden dragon
(berserk), a green draconian annihilator and a moth of wrath (wandering).

Vanquished Creatures
  2 juggernauts (Depths:1)
  5 golden dragons
  A caustic shrike (Depths:1)
  A bone dragon (Crypt:3)
  3 tentacled monstrosities
  2 deep elf blademasters (Elf:3)
  2 deep elf master archers (Elf:3)
  2 quicksilver dragons (Vaults:5)
  4 titans
  The ghost of Raspi the Slinger, an adept GnNe of Kikubaaqudgha (Shoals:4)
  8 liches
  2 sphinxes
  6 ancient champions
  7 tengu reavers
  2 storm dragons
  A draconian monk (Zot:1)
  Donald (Elf:3)
  A revenant (Crypt:1)
  4 shadow dragons
  A daeva (Depths:2)
  7 fire giants
  20 frost giants
  13 vault wardens
  An iron dragon (Depths:4)
  An orc warlord (Vaults:4)
  A curse skull (Crypt:3)
  6 deep elf sorcerers
  A draconian scorcher (Depths:5)
  3 emperor scorpions (Spider:4)
  2 ghost moths (Spider:4)
  A deep elf elementalist (Elf:3)
  14 ghouls
  9 ironheart preservers
  2 war gargoyles (Vaults:5)
  A reaper (Depths:3)
  A spriggan defender (Depths:3)
  14 stone giants
  19 very ugly things
  A green draconian (Depths:5)
  5 deep elf demonologists (Elf:3)
  6 vampire knights
  A dire elephant (shapeshifter) (Depths:1)
  9 deep elf annihilators
  4 red draconians (Depths:5)
  2 purple draconians (Depths:5)
  3 spark wasps
  A yellow draconian (Depths:5)
  4 entropy weavers
  2 white draconians (Zot:1)
  2 eidola
  A merfolk javelineer (Shoals:2)
  15 ettins
  An ettin (shapeshifter) (Vaults:2)
  Erolcha (D:9)
  7 deep elf death magi
  A mummy priest (Crypt:3)
  16 yaktaur captains
  14 ogre magi
  11 fire dragons
  8 jiangshi
  13 ice dragons
  A crystal guardian (Vaults:4)
  6 merfolk impalers
  A quicksilver dragon skeleton (Crypt:2)
  2 deep elf high priests
  5 spriggan air magi
  9 great orbs of eyes
  25 vault guards
  A boulder beetle (D:14)
  5 rakshasas
  An alligator snapping turtle (Shoals:4)
  A juggernaut simulacrum (Depths:3)
  2 hydras
  10 centaur warriors
  Erica (D:10)
  A merfolk avatar (Shoals:3)
  5 merfolk aquamancers
  37 two-headed ogres
  3 death knights
  8 death yaks
  A satyr (Shoals:4)
  5 deep troll shamans
  18 dancing weapons
  3 vampire magi
  4 tengu warriors
  3 deep troll earth magi
  Urug (Orc:2)
  An orc high priest (Orc:2)
  3 spriggan berserkers
  A soul eater (Crypt:3)
  A sun demon (Depths:5)
  A titan skeleton (Depths:2)
  14 deep elf knights
  4 shadow wraiths
  20 skeletal warriors
  A salamander mystic (Depths:2)
  2 iron trolls
  6 sea snakes
  13 deep trolls
  4 glowing orange brains
  4 hell knights (Depths:5)
  3 flayed ghosts
  2 wizards
  5 deep elf archers
  14 ironbrand convokers
  An orange crystal statue (Depths:3)
  An iron giant skeleton (Crypt:3)
  Pikel (D:6)
  4 bog bodies
  An unseen horror (D:15)
  2 shadow dragon zombies (Crypt:1)
  11 necromancers
  A wolf spider zombie (D:14)
  11 phantasmal warriors
  A golden dragon skeleton (Vaults:4)
  7 orc knights
  2 harpies (shapeshifter)
  6 orc sorcerers
  26 ugly things
  59 deep elf magi
  15 harpies
  A lindwurm (D:13)
  An anaconda skeleton (Crypt:1)
  2 orb spiders (shapeshifter)
  6 cyclopes
  An eleionoma zombie (Crypt:1)
  11 orb spiders
  An oklob plant (D:10)
  The ghost of Dracia the Covert, a novice VSBr of Dithmenos (D:7)
  35 wolf spiders
  6 manticores
  A stone giant zombie (Crypt:1)
  A shadow dragon skeleton (Crypt:1)
  3 fauns (Shoals:2)
  A sphinx skeleton (Depths:2)
  3 salamanders (Depths:2)
  A cyclops (shapeshifter) (Vaults:4)
  9 elephants
  A guardian serpent (shapeshifter) (Vaults:1)
  4 water nymphs
  8 merfolk sirens
  A frost giant skeleton (Crypt:1)
  3 centaur zombies
  2 stone giant skeletons (Crypt:1)
  14 vault sentinels
  A moth of wrath (Spider:4)
  A dire elephant zombie (Crypt:1)
  Psyche (D:10)
  4 gargoyles
  An iron dragon skeleton (Depths:3)
  2 ice statues (Shoals:3)
  5 cane toads
  2 spectral sea snakes (Shoals:1)
  A yellow draconian zombie (Crypt:1)
  31 yaktaurs
  A pale draconian zombie (Crypt:1)
  5 freezing wraiths
  2 rime drakes
  A rime drake (shapeshifter) (Vaults:5)
  An efreet (D:15)
  4 demonic crawlers
  2 komodo dragons
  A red draconian zombie (Crypt:2)
  4 tengu conjurers
  2 red devils
  A catoblepas skeleton (Crypt:1)
  30 jumping spiders
  A yaktaur skeleton (Vaults:4)
  3 trolls
  A harpy zombie (Crypt:1)
  23 merfolk
  8 guardian mummies (Crypt:3)
  A shadow dragon simulacrum (Crypt:1)
  A green draconian skeleton (Crypt:3)
  3 meliai (Spider:4)
  A meliai (shapeshifter) (Vaults:4)
  A jumping spider (shapeshifter) (Elf:2)
  2 polar bears (shapeshifter)
  A merfolk (shapeshifter) (Vaults:5)
  3 polar bears
  A wind drake (shapeshifter) (Depths:1)
  4 wind drakes
  12 blink frogs
  8 hornets
  3 hydra skeletons (Crypt:1)
  A raiju (shapeshifter) (Vaults:3)
  25 slime creatures
  A stone giant simulacrum (Vaults:3)
  2 meliai zombies
  An ettin zombie (Vaults:4)
  10 snapping turtles
  A flying skull (Crypt:3)
  A frost giant simulacrum (Depths:2)
  9 wraiths
  4 air elementals
  A spriggan (shapeshifter) (Depths:2)
  2 ettin skeletons
  17 yaks
  55 redbacks
  15 tarantellas
  A ynoxinul (Depths:5)
  A vampire (D:14)
  10 water elementals
  4 hogs (Lair:5)
  2 steam dragons
  2 wyverns
  3 basilisks
  5 fire elementals
  3 vampire mosquitoes (D:13)
  A basilisk (shapeshifter) (D:15)
  2 neqoxecs (Depths:5)
  A spriggan simulacrum (Depths:2)
  2 chaos spawn (Depths:3)
  A deep troll zombie (Crypt:2)
  2 elf skeletons
  2 wargs
  2 acid dragons (D:12)
  A cane toad zombie (Crypt:1)
  A spectral snapping turtle (Shoals:1)
  A hell hound (Lair:2)
  Duvessa (D:6)
  7 water moccasins
  2 floating eyes
  6 necrophages
  A black bear (shapeshifter) (Vaults:5)
  An ettin simulacrum (Depths:2)
  An ice beast (D:12)
  A snapping turtle zombie (Crypt:3)
  A blink frog zombie (Crypt:3)
  37 orc warriors
  3 sky beasts
  2 black bears
  27 ogres
  A deep troll skeleton (Crypt:2)
  A manticore zombie (Crypt:1)
  4 phantoms
  19 wolves
  A wolf (shapeshifter) (Elf:2)
  A tengu (shapeshifter) (Vaults:2)
  12 boggarts
  18 centaurs
  3 lemures (D:6)
  A rime drake skeleton (Crypt:1)
  17 bullfrogs
  A cyclops zombie (Crypt:2)
  An earth elemental (Elf:2)
  A wyvern skeleton (D:13)
  A water moccasin skeleton (Crypt:1)
  2 spriggan zombies
  A scorpion (D:4)
  Dowan (D:6)
  A yak zombie (Crypt:2)
  A warg skeleton (Crypt:2)
  6 killer bees
  4 wights
  A yak skeleton (Crypt:3)
  2 howler monkeys (D:5)
  5 electric eels
  A crimson imp (Depths:5)
  A human simulacrum (Vaults:1)
  A quasit (D:12)
  5 jellies
  23 orc priests
  A hound (D:2)
  4 bullfrog skeletons
  3 centaur skeletons
  4 iguanas
  20 orc wizards
  5 worker ants
  An acid dragon zombie (Crypt:1)
  A dwarf zombie (Crypt:2)
  A naga skeleton (Crypt:3)
  2 worker ant zombies
  Robin (D:2)
  8 gnolls
  9 adders
  A howler monkey skeleton (D:4)
  A steam dragon skeleton (Crypt:2)
  A white imp (D:5)
  3 ufetubi
  An ooze (D:3)
  An adder zombie (D:7)
  An adder skeleton (D:9)
  An iguana skeleton (Crypt:1)
  2 worms
  A dart slug (D:2)
  2 leopard geckos (D:2)
  77 orcs
  5 giant cockroaches
  10 goblins
  6 hobgoblins
  10 jackals
  4 quokkas
  2 ball pythons (D:2)
  6 bats
  8 frilled lizards
  A frilled lizard skeleton (Crypt:3)
  19 kobolds
  A leopard gecko zombie (D:5)
  A quokka skeleton (D:6)
  11 rats
1659 creatures vanquished.

Vanquished Creatures (collateral kills)
  A caustic shrike (Depths:1)
  Saint Roka (Orc:2)
  3 golden dragons
  A bone dragon (Crypt:2)
  2 liches
  4 tentacled monstrosities
  A quicksilver dragon (Depths:1)
  2 sphinxes
  3 ancient champions
  Kirke (Lair:5)
  2 storm dragons (Depths:4)
  A shadow dragon (Vaults:5)
  A tengu reaver (Vaults:5)
  A revenant (Crypt:1)
  Ilsuiw (Shoals:2)
  The ghost of Liimbo the Severer, an adept FoWn of the Shining One (Shoals:1)
  A fenstrider witch (shapeshifter) (Vaults:5)
  2 fire giants
  4 frost giants
  An orc warlord (Orc:2)
  A draconian scorcher (Depths:5)
  An emperor scorpion (Spider:4)
  A vault warden (Vaults:5)
  3 ghouls (Crypt:2)
  A very ugly thing (Depths:5)
  2 stone giants
  4 ironheart preservers
  A reaper (Crypt:2)
  3 vampire knights
  3 entropy weavers
  2 deep elf demonologists (Elf:3)
  2 spark wasps (Depths:4)
  A spark wasp (shapeshifter) (Depths:1)
  A merfolk javelineer (Shoals:4)
  4 deep elf death magi
  2 ettins
  4 merfolk impalers
  A spectral kraken (Shoals:1)
  2 jiangshi (Crypt:1)
  A rakshasa (Vaults:3)
  4 fire dragons
  2 yaktaur captains
  6 ice dragons
  A boulder beetle (Spider:2)
  3 merfolk avatars
  A hydra (shapeshifter) (Depths:4)
  5 vault guards
  A spriggan air mage (Depths:3)
  5 two-headed ogres
  A merfolk aquamancer (Shoals:4)
  3 hydras
  An alligator snapping turtle (Shoals:2)
  6 centaur warriors
  3 ogre magi
  A satyr (Shoals:2)
  4 dancing weapons
  2 death yaks (Lair:2)
  A tengu warrior (D:12)
  4 deep troll shamans
  An orc high priest (Elf:3)
  A vampire mage (Crypt:2)
  2 spriggan berserkers
  3 hell knights (Depths:5)
  7 deep elf knights
  A ghost moth zombie (Crypt:2)
  A titan skeleton (Depths:2)
  A flayed ghost (Depths:4)
  11 skeletal warriors
  4 deep trolls
  An unseen horror (D:11)
  4 sea snakes
  2 glowing orange brains
  2 wizards (Vaults:3)
  4 deep elf archers
  A wolf spider zombie (D:14)
  A phantasmal warrior (Crypt:1)
  A necromancer (Depths:5)
  5 orb spiders
  3 orc knights
  6 harpies
  An anaconda skeleton (Crypt:1)
  6 deep elf magi
  5 wolf spiders
  11 ugly things
  A moth of wrath (Spider:3)
  4 fauns (Shoals:2)
  4 cyclopes
  A manticore (Shoals:1)
  An elephant (Lair:5)
  A vault sentinel (Vaults:4)
  A water nymph (Shoals:2)
  2 black mambas
  A dire elephant zombie (Crypt:1)
  3 merfolk sirens
  3 centaur skeletons
  3 cane toads
  A stone giant skeleton (Crypt:1)
  Maggie (D:6)
  A dire elephant skeleton (Crypt:1)
  A hellion (Depths:5)
  7 yaktaurs
  A demonic crawler (Spider:2)
  A freezing wraith (Crypt:2)
  2 komodo dragons
  A rime drake (Lair:5)
  A guardian mummy (Crypt:3)
  2 tengu conjurers
  A troll (D:11)
  A red devil (Depths:3)
  A hornet (Spider:4)
  9 jumping spiders
  7 merfolk
  A wind drake (shapeshifter) (D:11)
  A raiju (shapeshifter) (Depths:3)
  2 hydra skeletons
  A snapping turtle (Shoals:4)
  A wind drake (Shoals:2)
  5 slime creatures
  A jumping spider zombie (Crypt:3)
  9 tarantellas
  19 redbacks
  3 water elementals
  An air elemental (Elf:1)
  A fire dragon skeleton (Crypt:1)
  2 basilisks
  A hog (Lair:5)
  7 wraiths
  10 yaks
  A wyvern (Lair:2)
  A fire elemental (Elf:3)
  A basilisk (shapeshifter) (Depths:2)
  A vampire mosquito (D:13)
  2 wargs
  A spectral snapping turtle (Shoals:1)
  An acid dragon (Vaults:2)
  3 water moccasins
  A deep troll zombie (Crypt:2)
  A hell hound (Lair:2)
  A deep troll skeleton (Crypt:2)
  18 orc warriors
  3 ice beasts
  A sky beast (D:10)
  An eye of draining (D:12)
  2 hornet zombies
  A boggart (Vaults:1)
  3 wolves
  7 centaurs
  15 ogres
  A phantom (D:5)
  4 necrophages
  2 big kobolds
  6 bullfrogs
  A water moccasin zombie (D:11)
  A scorpion (D:7)
  2 killer bees (D:13)
  11 wights
  A crimson imp (Depths:5)
  2 bullfrog zombies
  A human zombie (Crypt:1)
  A wyvern simulacrum (D:14)
  A jelly (D:11)
  6 orc priests
  A bullfrog skeleton (D:13)
  2 hounds
  An iron imp (Depths:5)
  2 iguanas
  7 orc wizards
  3 worker ants
  A hound skeleton (D:5)
  An adder (D:6)
  3 howler monkey skeletons
  2 shadow imps
  2 white imps (D:9)
  An ufetubus (Depths:5)
  27 orcs
  A giant cockroach (D:8)
  3 jackals
  A giant cockroach zombie (D:5)
  5 kobolds
509 creatures vanquished.

Vanquished Creatures (others)
  A fire giant (Vaults:3)
  2 stone giants
  A yaktaur captain (Vaults:5)
  A centaur warrior (Vaults:2)
  A deep elf knight (Elf:2)
  An unseen horror (shapeshifter) (Depths:5)
  A bog body (Crypt:2)
  5 yaktaurs
  A merfolk (Shoals:3)
  2 centaurs
  A crimson imp (Depths:5)
  A worker ant (D:4)
  39 knights
  4 ancestors
  An ufetubus (Depths:5)
  An orc (Elf:3)
  A bush (Lair:4)
  7 fungi
  93 plants
  4 tentacles (Shoals:1)
168 creatures vanquished.

Grand Total: 2336 creatures vanquished

Notes
Turn   | Place    | Note
-------+----------+-------------------------------------------
     0 | D:1      | nightchill the Merfolk Ice Elementalist began the quest for
                  | the Orb.
     0 | D:1      | Reached XP level 1. HP: 13/13 MP: 3/3
   138 | D:1      | Reached XP level 2. HP: 20/20 MP: 1/5
   706 | D:1      | Reached skill level 1 in Fighting
   934 | D:1      | Reached XP level 3. HP: 26/26 MP: 4/6
   958 | D:1      | Learned a level 3 spell: Frozen Ramparts
  1129 | D:1      | Reached skill level 5 in Ice Magic
  1384 | D:2      | You fall into a shaft and drop 2 floors!
  1699 | D:3      | Reached XP level 4. HP: 26/33 MP: 3/7
  2411 | D:2      | Reached skill level 2 in Fighting
  2411 | D:2      | Reached XP level 5. HP: 25/38 MP: 9/9
  2576 | D:2      | Noticed Robin
  2586 | D:2      | Killed Robin
  3041 | D:2      | Learned a level 3 spell: Ozocubu's Armour
  3493 | D:3      | Reached skill level 1 in Polearms
  3695 | D:3      | Reached XP level 6. HP: 41/46 MP: 6/10
  4287 | D:4      | Found a hide-covered altar of Uskayaw.
  4316 | D:4      | Reached skill level 3 in Fighting
  4582 | D:4      | Reached XP level 7. HP: 52/52 MP: 1/12
  4829 | D:4      | Found a staircase to the Ecumenical Temple.
  4834 | Temple   | Entered the Ecumenical Temple
  4970 | Temple   | Became a worshipper of Hepliaklqana the Forgotten
  5118 | D:5      | Entered Level 5 of the Dungeon
  5149 | D:5      | Found an ornate altar of the Wu Jian Council.
  5196 | D:5      | Reached skill level 5 in Polearms
  5295 | D:5      | Reached skill level 4 in Fighting
  5571 | D:5      | Reached XP level 8. HP: 50/54 MP: 14/14
  6132 | D:6      | Reached * piety under Hepliaklqana
  6151 | D:6      | Found an iron altar of Okawaru.
  6151 | D:6      | Found a snail-covered altar of Cheibriados.
  6157 | D:6      | Found an ornate altar of the Wu Jian Council.
  6159 | D:6      | Found an ancient bone altar of Kikubaaqudgha.
  6160 | D:6      | Found a white marble altar of Elyvilon.
  6200 | D:6      | Found a bloodstained altar of Trog.
  6200 | D:6      | Noticed Maggie
  6588 | D:6      | Noticed Dowan
  6589 | D:6      | Noticed Duvessa
  6600 | D:6      | Killed Dowan
  6607 | D:6      | Killed Duvessa
  6808 | D:6      | Noticed Pikel
  6888 | D:6      | Killed Pikel
  6889 | D:6      | Reached skill level 5 in Fighting
  6889 | D:6      | Reached skill level 5 in Spellcasting
  6889 | D:6      | Reached XP level 9. HP: 61/61 MP: 13/16
  6952 | D:6      | Killed Maggie
  7216 | D:6      | Found a basalt altar of Yredelemnul.
  7219 | D:6      | Noticed a profane servitor
  7230 | D:6      | Found a glowing golden altar of the Shining One.
  7819 | D:6      | Noticed an angel
  7859 | D:7      | Reached skill level 6 in Fighting
  7861 | D:7      | Reached skill level 10 in Polearms
  8361 | D:7      | Reached ** piety under Hepliaklqana
  8362 | D:7      | Remembered your ancestor Tobus Maximus as a knight
  8364 | D:7      | Found a runed translucent gate.
  8364 | D:7      | Found a runed translucent gate.
  8364 | D:7      | Found a runed translucent gate.
  8364 | D:7      | Noticed Dracia's ghost (novice VSBr)
  8647 | D:7      | Reached XP level 10. HP: 69/69 MP: 19/19
  8658 | D:7      | Reached skill level 1 in Invocations
  8795 | D:7      | Found a broken altar of Ashenzari.
  9138 | D:8      | Found Rusystat's Antique Armour Emporium.
  9670 | D:8      | Reached skill level 7 in Fighting
  9688 | D:8      | Found a shimmering blue altar of Sif Muna.
  9786 | D:9      | Reached *** piety under Hepliaklqana
 10061 | D:9      | Noticed Erolcha
 10085 | D:9      | Killed Erolcha
 10206 | D:9      | Got a smoking leather armour
 10582 | D:9      | Noticed a two-headed ogre
 10592 | D:9      | Killed a two-headed ogre
 10787 | D:9      | Reached XP level 11. HP: 34/76 MP: 21/21
 11004 | D:9      | Found Ebetuaw's Distillery.
 11012 | D:9      | Bought a potion of heal wounds for 55 gold pieces
 11262 | D:9      | Identified the +5 leather armour "Viujed" {rPois rC+} (You
                  | found it on level 9 of the Dungeon)
 11309 | D:10     | Entered Level 10 of the Dungeon
 11550 | D:10     | Noticed a two-headed ogre
 11559 | D:10     | Noticed Psyche
 11625 | D:10     | Killed a two-headed ogre
 11626 | D:10     | Reached skill level 8 in Fighting
 11667 | D:10     | Killed Psyche
 11694 | D:10     | Noticed an oklob plant
 12097 | D:10     | Found a staircase to the Orcish Mines.
 12136 | D:10     | Reached **** piety under Hepliaklqana
 12366 | D:10     | Found a staircase to the Lair.
 12507 | D:10     | Noticed Erica
 12528 | D:10     | Killed Erica
 12529 | D:10     | Reached skill level 10 in Ice Magic
 12529 | D:10     | Reached skill level 5 in Invocations
 12680 | D:10     | Killed an oklob plant
 12888 | Lair:1   | Entered Level 1 of the Lair of Beasts
 13440 | Lair:1   | Noticed a five-headed hydra
 13450 | Lair:1   | Killed a five-headed hydra
 13451 | Lair:1   | Reached XP level 12. HP: 84/84 MP: 16/23
 14047 | Lair:2   | Reached skill level 9 in Fighting
 14047 | Lair:2   | Reached skill level 15 in Polearms
 14302 | Lair:2   | Found a staircase to the Shoals.
 14431 | Lair:2   | Reached ***** piety under Hepliaklqana
 14468 | Lair:2   | Noticed a death yak
 14468 | Lair:2   | Noticed a death yak
 14468 | Lair:2   | Noticed a death yak
 14500 | Lair:2   | Noticed a death yak
 14561 | Lair:2   | Killed a death yak
 14565 | Lair:2   | Killed a death yak
 14696 | Lair:2   | Noticed a death yak
 14698 | Lair:2   | Noticed a death yak
 14792 | Lair:2   | Killed a death yak
 14883 | Lair:2   | Killed a death yak
 14891 | Lair:2   | Killed a death yak
 14893 | Lair:2   | Killed a death yak
 16209 | Lair:3   | Reached skill level 10 in Fighting
 16273 | Lair:3   | Reached XP level 13. HP: 92/92 MP: 18/25
 16556 | Lair:3   | Learned a level 4 spell: Hailstorm
 17284 | Lair:4   | Reached skill level 5 in Dodging
 17557 | Lair:4   | Found a hole to the Spider Nest.
 17959 | Lair:4   | Reached skill level 1 in Armour
 18562 | Lair:5   | Found a runed translucent gate.
 18562 | Lair:5   | Found a runed translucent gate.
 18676 | Lair:5   | Found a runed translucent gate.
 18971 | Lair:5   | Found a runed translucent door.
 18972 | Lair:5   | Found a viscous altar of Jiyva.
 18972 | Lair:5   | Found a staircase to the Slime Pits.
 18979 | Lair:5   | Found a radiant altar of Vehumet.
 19094 | Lair:5   | Reached skill level 11 in Fighting
 19529 | Lair:5   | Noticed Kirke
 19549 | Lair:5   | Killed Kirke
 20224 | Lair:4   | Reached XP level 14. HP: 87/102 MP: 3/27
 20458 | Lair:5   | Noticed Kaofid's ghost (journeyman GrEE)
 20527 | Lair:5   | Noticed Sonja
 20843 | D:11     | Found a runed translucent door.
 21025 | D:11     | Found a bloodstained altar of Trog.
 21406 | D:11     | Reached skill level 12 in Fighting
 21617 | D:11     | Found a runed translucent door.
 21667 | D:11     | Found Esiczai's Distillery.
 22228 | D:12     | Reached skill level 10 in Spellcasting
 24849 | D:13     | Reached skill level 10 in Invocations
 24910 | D:13     | Found a gate to the Vaults.
 24914 | D:13     | Identified the Guide on Lethal Displacement
 24926 | D:13     | Learned a level 1 spell: Apportation
 24929 | D:13     | Learned a level 2 spell: Blink
 25353 | D:14     | Reached skill level 13 in Fighting
 25596 | D:14     | Found a flickering gateway to a bazaar.
 25605 | Bazaar   | Entered a bazaar
 25631 | Bazaar   | Found Zeom's Distillery.
 25631 | Bazaar   | Found Zean's Antique Weapon Shoppe.
 25667 | Bazaar   | Found Urieh's Gadget Emporium.
 25667 | Bazaar   | Found Zazoysos's Magic Scroll Emporium.
 25716 | Bazaar   | Bought a scroll of brand weapon for 140 gold pieces
 25738 | Bazaar   | Bought a potion of heal wounds for 55 gold pieces
 25738 | Bazaar   | Bought a potion of heal wounds for 55 gold pieces
 26249 | D:14     | Reached skill level 1 in Translocations
 26896 | D:14     | Reached XP level 15. HP: 91/111 MP: 27/29
 27863 | Orc:1    | Entered Level 1 of the Orcish Mines
 27965 | Orc:2    | Entered Level 2 of the Orcish Mines
 28202 | Orc:2    | Found a roughly hewn altar of Beogh.
 28592 | Orc:2    | Noticed Saint Roka
 28620 | Orc:2    | Killed Saint Roka
 28684 | Orc:2    | Reached skill level 10 in Dodging
 28968 | Orc:2    | Noticed Urug
 28989 | Orc:2    | Killed Urug
 29132 | Orc:2    | Found a roughly hewn altar of Beogh.
 29240 | Orc:2    | Reached skill level 5 in Armour
 29252 | Orc:2    | Found Qusatrid's General Store.
 29311 | Orc:2    | Found Vougez's Antique Weapon Shop.
 29322 | Orc:2    | Found Totra's Book Shop.
 29339 | Orc:2    | Found Esias's Antique Armour Shop.
 29506 | Orc:2    | Found a staircase to the Elven Halls.
 29754 | Orc:1    | Noticed an orc warlord
 30048 | Orc:2    | Reached skill level 14 in Fighting
 30063 | Orc:2    | Killed an orc warlord
 30216 | Orc:2    | Paralysed by an orc sorcerer for 5 turns
 30912 | Orc:1    | Found a roughly hewn altar of Beogh.
 31296 | Orc:2    | Bought a pair of shimmering gloves for 218 gold pieces
 31306 | Orc:2    | Identified the +1 pair of gloves of Jetommudd {*Drain rPois
                  | Will+ MP+9 Str+3} (You bought it in a shop on level 2 of
                  | the Orcish Mines)
 31438 | D:8      | Bought a glowing hat for 210 gold pieces
 31939 | D:15     | Entered Level 15 of the Dungeon
 31940 | D:15     | Found a snail-covered altar of Cheibriados.
 32561 | Elf:1    | Entered Level 1 of the Elven Halls
 32787 | Spider:1 | Entered Level 1 of the Spider Nest
 34572 | Shoals:1 | Entered Level 1 of the Shoals
 34693 | Shoals:1 | Identified a scroll of acquirement
 34702 | Lair:2   | Acquired a +0 bardiche of protection
 35220 | Shoals:1 | Reached XP level 16. HP: 74/120 MP: 31/31
 35397 | Shoals:1 | Found a transporter.
 35403 | Shoals:1 | Noticed Liimbo's ghost (adept FoWn)
 35421 | Shoals:1 | Reached skill level 15 in Fighting
 36819 | Shoals:2 | Noticed Ilsuiw
 37953 | Shoals:2 | Killed Ilsuiw
 38487 | Shoals:2 | Found Conk's Gadget Shop.
 38649 | Shoals:2 | Reached skill level 16 in Fighting
 39261 | Shoals:3 | Found Wyawirue's Antique Armour Emporium.
 39329 | Shoals:3 | Found Iqahius's Antique Armour Boutique.
 39349 | Shoals:3 | Found a flickering gateway to a bazaar.
 39470 | Bazaar   | Entered a bazaar
 39537 | Bazaar   | Found Ymiomoga's Antique Armour Emporium.
 39559 | Bazaar   | Found Geargh's Magic Scroll Emporium.
 39584 | Bazaar   | Found Poapp's Weapon Emporium.
 39606 | Bazaar   | Found Wenoom's Magic Scroll Emporium.
 39606 | Bazaar   | Found Daocvess's Magic Scroll Shoppe.
 39789 | Bazaar   | Bought a scroll of acquirement for 884 gold pieces
 39789 | Bazaar   | Acquired the +12 glaive of Prune {vorpal}
 39790 | Bazaar   | Found the +12 glaive of Prune {vorpal}
 39820 | Bazaar   | Bought a scroll of teleportation for 30 gold pieces
 39820 | Bazaar   | Bought a scroll of enchant armour for 75 gold pieces
 39820 | Bazaar   | Bought a scroll of enchant armour for 75 gold pieces
 39820 | Bazaar   | Bought a scroll of teleportation for 30 gold pieces
 39820 | Bazaar   | Bought 3 scrolls of teleportation for 90 gold pieces
 39856 | Bazaar   | Bought a scroll of silence for 105 gold pieces
 39862 | Bazaar   | Bought a scroll of silence for 127 gold pieces
 39978 | Shoals:3 | Found a frozen archway.
 40164 | Shoals:3 | Found Nisocowu's Antique Armour Boutique.
 40544 | Shoals:3 | Found Sasapaku's Jewellery Shoppe.
 41504 | Lair:4   | Acquired 894 gold pieces
 41673 | Shoals:3 | Bought a fading cloak for 247 gold pieces
 41685 | Shoals:3 | Identified the +2 cloak of the Zebra {rPois rF+} (You
                  | bought it in a shop on level 3 of the Shoals)
 41720 | Shoals:3 | Bought an ichor-stained hat for 342 gold pieces
 41725 | Shoals:3 | Identified the -1 hat of Moivu {rF+} (You bought it in a
                  | shop on level 3 of the Shoals)
 41725 | Shoals:3 | Bought a masterwork scale mail for 342 gold pieces
 41725 | Shoals:3 | Identified the +0 scale mail "Bocwetofal" {Slay+4} (You
                  | bought it in a shop on level 3 of the Shoals)
 41726 | Shoals:3 | Acquired a book of Misfortune
 41728 | Shoals:3 | Acquired the ring of Firos {+Inv +Fly rElec rPois rF-}
 42452 | Spider:2 | Reached XP level 17. HP: 130/131 MP: 32/32
 42488 | Spider:2 | Found a roughly hewn altar of Beogh.
 42801 | Spider:2 | You fall into a shaft and drop 1 floor!
 42811 | Spider:3 | Reached skill level 17 in Fighting
 45645 | Shoals:3 | Bought a masterwork scale mail for 234 gold pieces
 45645 | Shoals:3 | Identified the +3 scale mail of Divine Compulsion {Will+
                  | Dex+4} (You bought it in a shop on level 3 of the Shoals)
 45921 | D:15     | Reached skill level 1 in Evocations
 46470 | D:15     | Found a staircase to the Depths.
 47355 | Shoals:4 | Entered Level 4 of the Shoals
 47404 | Shoals:4 | Found a large runed translucent door.
 47486 | Shoals:4 | Found a large runed translucent door.
 47487 | Shoals:4 | Noticed Raspi's ghost (adept GnNe)
 48086 | Shoals:4 | Identified the Tome of Cold and the Arsonist
 48224 | Shoals:4 | Identified the cursed +0 plate armour "Yrygah" {Str+7} (You
                  | found it on level 4 of the Shoals)
 49091 | Shoals:4 | HP: 1/134 [alligator snapping turtle (28)]
 49387 | Shoals:4 | Reached XP level 18. HP: 138/140 MP: 33/33
 49454 | Shoals:4 | Got a barnacled rune of Zot
 50516 | Spider:4 | Entered Level 4 of the Spider Nest
 52793 | Spider:4 | Reached skill level 5 in Evocations
 52906 | Spider:4 | Reached skill level 15 in Dodging
 53437 | Spider:4 | Reached skill level 18 in Fighting
 53810 | Spider:4 | Got a gossamer rune of Zot
 54396 | Vaults:1 | Entered Level 1 of the Vaults
 54490 | Vaults:1 | Reached skill level 5 in Translocations
 54778 | Vaults:1 | Identified the +8 scythe "Starlight" {vorpal, rC- Str+6}
 56718 | Vaults:1 | Reached XP level 19. HP: 110/147 MP: 34/34
 57368 | Vaults:1 | Found Ittuf's Assorted Antiques.
 57737 | Vaults:2 | Noticed Mennas
 59871 | Elf:2    | Reached skill level 19 in Fighting
 59973 | Elf:2    | Found a runed translucent gate.
 59973 | Elf:2    | Found a runed translucent gate.
 59973 | Elf:2    | Found a runed translucent gate.
 60233 | Elf:2    | Found Utwo's Jewellery Shop.
 61150 | Elf:2    | Bought an uncursed ring of see invisible for 210 gold
                  | pieces
 61151 | Elf:2    | Bought an uncursed ring of willpower for 350 gold pieces
 61160 | Elf:2    | Learned a level 4 spell: Passage of Golubria
 62343 | Elf:3    | Entered Level 3 of the Elven Halls
 62455 | Elf:3    | Found the +3 pair of gauntlets of War {Slay+5}
 62457 | Elf:3    | Got a pitted cloak
 62784 | Elf:2    | Identified the +1 cloak "Laucuc Dukhle" {rPois rC- Str+7}
                  | (You found it on level 3 of the Elven Halls)
 63224 | Elf:3    | Noticed Donald
 63240 | Elf:3    | Killed Donald
 63411 | Elf:3    | Reached XP level 20. HP: 156/156 MP: 35/35
 64637 | Elf:3    | Reached skill level 10 in Evocations
 64876 | Elf:3    | Noticed a Tzitzimitl
 65501 | Elf:3    | Identified the ring of Jaehanos {rN+ Str+7 Stlth-}
 66453 | Elf:3    | Identified the Almanac of Feathers and Venom
 66455 | Elf:3    | Identified the Almanac of Creative Confrontation
 66460 | Elf:3    | Identified the Disquisition on Lightness and the Frostbite
 66558 | Elf:3    | Got a faintly glowing jade ring
 66597 | Elf:3    | Got a warped granite ring
 66599 | Elf:3    | Identified the ring of the Vendetta {Ice Dex+4} (You found
                  | it on level 3 of the Elven Halls)
 66606 | Elf:3    | Identified the ring of the Moon {rN+++ Will+ AC+4 Dex-2
                  | SInv} (You found it on level 3 of the Elven Halls)
 66670 | Elf:3    | Got a shimmering lajatang
 66671 | Elf:3    | Identified the +11 lajatang "Turusk" {vorpal, rF- Int+4
                  | Dex+2} (You found it on level 3 of the Elven Halls)
 67055 | D:11     | Bought a potion of invisibility for 88 gold pieces
 67311 | Shoals:3 | Bought a pair of runed boots for 240 gold pieces
 67866 | D:7      | Killed Dracia's ghost
 68240 | Shoals:4 | Killed Raspi's ghost
 68247 | Shoals:4 | Identified Jyasa's Almanac of Shifting Stones
 68406 | Shoals:1 | Killed Liimbo's ghost
 68503 | Shoals:1 | Got a faintly glowing platinum ring
 68516 | Shoals:1 | Identified the ring of Red Wine {Wiz *Drain MP-9 Int+2
                  | Dex+7} (You found it on level 1 of the Shoals)
 68866 | Vaults:2 | Reached skill level 10 in Armour
 69413 | Vaults:2 | Reached skill level 5 in Stealth
 70646 | Vaults:2 | Reached XP level 21. HP: 96/163 MP: 36/36
 70790 | Vaults:2 | Reached skill level 20 in Fighting
 70935 | Vaults:2 | Identified the Collected Works on Execration and Envenoming
 70944 | Vaults:2 | Learned a level 6 spell: Ozocubu's Refrigeration
 72308 | Vaults:3 | Found a staircase to the Crypt.
 74328 | Vaults:4 | Reached skill level 10 in Stealth
 75053 | Vaults:4 | Noticed Bai Suzhen
 75318 | Vaults:4 | Found Egosmieq's Armour Emporium.
 75326 | Vaults:4 | Bought the cursed +0 helmet of Caogyhoi {Rampage rCorr
                  | Int+2 Stlth+} for 443 gold pieces
 75570 | Vaults:4 | Reached XP level 22. HP: 172/172 MP: 37/37
 77333 | Depths:1 | Entered Level 1 of the Depths
 77760 | Depths:1 | Found a portal to a secret trove of treasure.
 78422 | Depths:1 | Noticed a juggernaut
 78423 | Depths:1 | Paralysed by a floating eye for 4 turns
 78450 | Depths:1 | Killed a juggernaut
 78622 | Depths:1 | Noticed a caustic shrike
 78636 | Depths:1 | Killed a caustic shrike
 78701 | Depths:1 | Noticed a caustic shrike
 78703 | Depths:1 | Noticed a juggernaut
 78719 | Depths:1 | Killed a juggernaut
 78732 | Depths:1 | Killed a caustic shrike
 79033 | Depths:1 | Identified the +0 ring mail of the Fisher {rElec rF+}
 79257 | Depths:1 | Found a gateway to Hell.
 79379 | Depths:1 | Found a one-way gate leading to the halls of Pandemonium.
 79876 | Depths:1 | Identified Mosaqah's Tome of Harmful Execration
 80032 | Depths:2 | Reached skill level 21 in Fighting
 80487 | Depths:2 | Reached XP level 23. HP: 158/180 MP: 38/38
 80704 | Depths:2 | Found a glowing golden altar of the Shining One.
 82025 | Depths:3 | Noticed a golden dragon
 82528 | Depths:3 | Killed a golden dragon
 82863 | Depths:3 | Identified the cursed +1 dagger "Purepigg" {flame, *Drain
                  | Str+4 Int+3} (You found it on level 3 of the Depths)
 83912 | Depths:3 | Found a gateway to a ziggurat.
 84288 | Depths:3 | Identified the +1 leather armour of the Sacrificial Victim
                  | {rPois Will+++ Str+3 Dex-4} (You found it on level 3 of the
                  | Depths)
 84338 | Depths:4 | Found a one-way gate to the infinite horrors of the Abyss.
 85876 | Depths:4 | HP: 5/180 [stone giant/large rock (41)]
 86192 | Depths:4 | Identified the ring "Reugoq" {Wiz *Slow +Fly Will+ Str+5}
 86695 | Depths:4 | Reached XP level 24. HP: 100/189 MP: 38/38
 87900 | Depths:4 | Identified the +4 scale mail "Udir" {Int+3}
 88315 | Depths:4 | Reached skill level 22 in Fighting
 89746 | Depths:5 | Entered Level 5 of the Depths
 89768 | Depths:5 | Reached skill level 15 in Evocations
 92033 | Depths:5 | Identified the +9 spear "Jellyslayer" {holy, Str+2} (You
                  | found it on level 5 of the Depths)
 92200 | Depths:5 | Found a gate to the Realm of Zot.
 94465 | Crypt:1  | Entered Level 1 of the Crypt
 94580 | Crypt:1  | Reached XP level 25. HP: 167/197 MP: 38/38
 96277 | Crypt:1  | Identified the +2 robe of Hepliaklqana's Anger {Str+4
                  | Int+2} (You found it on level 1 of the Crypt)
 96389 | Crypt:1  | Reached skill level 23 in Fighting
 98981 | Crypt:3  | Entered Level 3 of the Crypt
100710 | Crypt:3  | Found a staircase to the Tomb.
100944 | Crypt:2  | Found an ancient bone altar of Kikubaaqudgha.
101045 | Crypt:2  | Reached XP level 26. HP: 26/206 MP: 38/38
101699 | Crypt:3  | Noticed an ancient lich
101948 | Crypt:3  | Identified the Grimoire of Unholy Magic
101954 | Crypt:3  | Got a shimmering jade ring
101955 | Crypt:3  | Identified the ring "Baliaw" {rN+ Str+6 Dex-3} (You found
                  | it on level 3 of the Crypt)
101956 | Crypt:3  | Identified the ring of the Equinox {rC- rN+ Will++} (You
                  | found it on level 3 of the Crypt)
101957 | Crypt:3  | Identified the ring "Pisedasm" {+Fly rPois rN+ Stlth-} (You
                  | found it on level 3 of the Crypt)
101958 | Crypt:3  | Identified the +9 halberd of Ubicenle {elec, *Noise Dex+5}
                  | (You found it on level 3 of the Crypt)
102237 | Vaults:5 | Entered Level 5 of the Vaults
102425 | Vaults:5 | Identified the Collected Works on Bewitchment and
                  | Weightlessness
102699 | Vaults:5 | Got a shimmering brass ring
102700 | Vaults:5 | Identified the ring "Enikhlo" {rN+ Str+5 Stlth+} (You found
                  | it on level 5 of the Vaults)
102709 | Vaults:5 | Identified the Tome of the Destructive Arsonist
103323 | Vaults:5 | Identified the +0 halberd of Peace {flame, rF+++ Str+4
                  | Dex-3 SInv}
103890 | Vaults:5 | Identified the +2 scale mail "Ochilues" {*Corrode rElec
                  | rN++ Will+}
103959 | Vaults:5 | Identified Nennext's Handbook of Dislocation and Fire
104602 | Vaults:5 | Got a silver rune of Zot
104653 | Vaults:5 | Identified the cursed +1 leather armour of Waepij {rPois
                  | rC+} (You found it on level 5 of the Vaults)
105202 | Vaults:5 | Reached skill level 24 in Fighting
105202 | Vaults:5 | Reached skill level 15 in Armour
107102 | Vaults:5 | Reached XP level 27. HP: 182/214 MP: 38/38
108522 | Vaults:5 | Identified the cursed +1 trident of Xidadd {vorpal, rF-
                  | Will+++ SInv} (You found it on level 5 of the Vaults)
109320 | Orc:2    | Bought a masterwork plate armour for 644 gold pieces
109320 | Orc:2    | Identified the +8 plate armour of Pandemonium {rElec MP+9
                  | Dex+4} (You bought it in a shop on level 2 of the Orcish
                  | Mines)
110480 | Zot:1    | Entered Level 1 of the Realm of Zot
110541 | Zot:1    | HP: 9/216 [golden dragon (26)]
110545 | Zot:1    | Demolished by a golden dragon

Illustrated notes

Levels and vault maps discovered:
D:1:      amcnicky_arrival_feature_with_door, layout_loops_ring
D:2:      layout_basic, uniq_robin
D:3:      layout_loops_ring
D:4:      layout_cave_pools, kennysheep_mini_moat, temple_doors_ab,
          lemuel_flame_loot_1
D:5:      layout_basic, basic_altar
D:6:      layout_basic, overflow_temple_1_default,
          grunt_temple_overflow_holy_war, chequers_temple_overflow_minitemple,
          uniq_maggie, uniq_duvessa, uniq_pikel
D:7:      layout_cave_pods, general_overflow_altar, ebering_ghost_rock_garden,
          hangedman_decor_push
D:8:      layout_loops_cross, marbit_many_paths, serial_shops,
          nicolae_shop_window_shopping
D:9:      layout_stronghold, serial_shops, shop, minmay_between, uniq_erolcha
D:10:     layout_roguey, dpeg_oklobed_lair, erik_orc_2, uniq_psyche, uniq_erica
D:11:     cheibrodos_histonic, layout_small_grid, serial_shops,
          kennysheep_little_box, bloody_trog
D:12:     layout_grid_maze, minivault_16
D:13:     layout_cave_pools, david_vaults_4
D:14:     layout_stronghold, serial_shops, bzr_entry_lakeside, minivault_26
D:15:     grunt_enter_depths_giant_problem, layout_stronghold,
          chequers_hall_statues_corner_a, cheibriados_altar_1
Temple:   jpeg_temple_clearing
Lair:1:   layout_long_grid
Lair:2:   layout_cave_pods, elwin_shoals_entry_rooms, enter_volcano_3,
          minivault_25, chequers_serial_rivers_large_a
Lair:3:   layout_small_grid
Lair:4:   layout_regular_city, spider_nest_entry_a,
          chequers_serial_rivers_room_a, minivault_19
Lair:5:   layout_big_grid, slime_altar_2, gammafunk_ghost_necromancy,
          basic_altar, minivault_26, uniq_kirke, uniq_sonja
Shoals:1: layout_shoals, ebering_ghost_davey_jones, st_cyclops
Shoals:2: layout_shoals, serial_shops, shop_fountains, uniq_ilsuiw
Shoals:3: layout_shoals, serial_shops, freezing_bzr, shop_fountains,
          nicolae_shop_trees, shop_statue, portal_ice_cave_entry_ice_statue_two,
          nicolae_shoals_square_sea_wall, minmay_shop_enchanted_jewellery
Shoals:4: shoals_end_grunt_ice, layout_shoals, ebering_ghost_disaster_area
Spider:1: layout_spider_delve, nicolae_spider_webbed_stairs
Spider:2: nicolae_spider_mines_2
Spider:3: layout_spider_delve
Spider:4: spider_rune_water, nicolae_spider_webs_and_nodes
Orc:1:    nicolae_orc_accident_2, layout_caves
Orc:2:    grunt_orc_cross, layout_caves, mines2_david
Elf:1:    minmay_elf_arrival_plus, layout_loops_cross
Elf:2:    layout_gridlike, serial_shops, shop, serial_co_window_serial,
          co_window_paths_a, co_window_paths_a, co_window_paths_a,
          co_window_paths_b, co_window_paths_a, co_window_of_opportunity_b,
          glass_columns_b
Elf:3:    grunt_elf_hall_asides, layout_geoelf_castle, corexii_checkpoint_a,
          uniq_donald
Vaults:1: nicolae_vaults_what_the_h, nicolae_vaults_three_branches,
          hangedman_vaults_nodes, v_misc_4, vaults_mumra_hexcomb,
          vaults_room_grunt_arrival_ludios, v_alt_pattern_4,
          nicolae_vaults_gold_heap, grunt_vaults_hallway_short,
          layout_vaults_maze_bifur, serial_shops, shop, uniq_saint_roka
Vaults:2: nicolae_vaults_know_your_exits, hangedman_vaults_trim,
          vaults_mumra_hex, v_alt_pattern_5, hangedman_vaults_slice,
          v_pattern_1, v_misc_9, ontoclasm_vaults_fault, layout_vaults_ring,
          uniq_mennas
Vaults:3: hangedman_vaults_stream, nicolae_vaults_specimen_jars,
          nicolae_vaults_network_periphery, ontoclasm_vaults_echo,
          hangedman_vaults_river_flow, nicolae_vaults_ninety_degrees,
          nicolae_vaults_alarming, vaults_room_stairs_pillars,
          layout_vaults_omnibox, minmay_crypt_entry_simple_box
Vaults:4: nicolae_vaults_network_quinsquares
          [nicolae_vaults_network_quincunx_subvault,
          nicolae_vaults_network_quincunx_subvault,
          nicolae_vaults_network_quincunx_subvault,
          nicolae_vaults_network_quincunx_subvault], v_rooms_2,
          nicolae_vaults_little_squares_4, nicolae_vaults_shelves_hall,
          vaults_dpeg_cross, vaults_dpeg_ring,
          nicolae_vaults_diagonal_hallway_8, vaults_dpeg_hooks,
          dpeg_vaults_monster_box, layout_vaults_omnigrid, serial_shops,
          nicolae_shop_stone, uniq_bai_suzhen
Vaults:5: serial_shops
Crypt:1:  layout_chaotic_city, serial_co_window_serial, co_window_paths_a,
          co_window_corner_a, co_window_corner_a, co_window_corner_a,
          co_window_corner_a, co_window_corner_b, co_window_broadway_b,
          co_window_paths_c, glass_columns_a, grunt_ministairs_5,
          library_closet, grunt_crypt_arrival_split
Crypt:2:  lemuel_upstairs_altar, layout_basic, skrybe_necro_troll_1
Crypt:3:  david_glass_crypt, layout_gridlike, tomb_entry_sphere_bobbens
Depths:1: minmay_expanding_squares, layout_gridlike, pan_entry, hell_entry,
          corexii_corridor_pit, enter_trove_3, evilmike_butchery
Depths:2: wander_protected_by_tso, layout_gridville, kennysheep_minor_cross,
          hell_entry, infiniplex_staircase_squiggle
Depths:3: kennysheep_green_arena, layout_honeycomb, enter_ziggurat_f,
          rand_demon_pan_entry_7, hell_entry, serial_sigils_hangedman_writhe,
          minmay_protected_statue, minmay_staircase_statues_hall_small
Depths:4: minmay_the_grid_square_5x5_5x5_mashed
          [minmay_the_grid_square_5x5_n_small,
          minmay_the_grid_square_5x5_pentomino_r,
          minmay_the_grid_square_5x5_trominoes,
          minmay_the_grid_square_5x5_percent, minmay_the_grid_square_5x5_v,
          minmay_the_grid_square_5x5_inset,
          minmay_the_grid_square_5x5_prize_waves,
          minmay_the_grid_square_5x5_shrine2,
          minmay_the_grid_square_5x5_prize_deathbox,
          minmay_the_grid_square_5x5_eight_small,
          minmay_the_grid_square_5x5_inner_z,
          minmay_the_grid_square_5x5_gyroscope,
          minmay_the_grid_square_5x5_prize_gold, minmay_the_grid_square_5x5_meh,
          minmay_the_grid_square_5x5_inverted_slash,
          minmay_the_grid_square_5x5_hollow_slash,
          minmay_the_grid_square_5x5_prize_monsterx,
          minmay_the_grid_square_5x5_sharp_hourglass,
          minmay_the_grid_square_5x5_prize_itemx,
          minmay_the_grid_square_5x5_inner_v, minmay_the_grid_square_5x5_comb,
          minmay_the_grid_square_5x5_spiral,
          minmay_the_grid_square_5x5_moneybag,
          minmay_the_grid_square_5x5_one_wall,
          minmay_the_grid_square_5x5_three], layout_cross, hell_entry,
          abyss_entry
Depths:5: grunt_crosshair, layout_cave_pools, hell_entry,
          grunt_pan_entry_sceptre, serial_bayou_ford_a
Zot:1:    layout_twisted_circle, bh_zot_ikea_curve, grunt_ministairs_2,
          st_stairs_4, door_vault

Skill      XL: |  1  2  3  4  5  6  7  8  9 10 11 12 13 14 15 16 17 18 19 20 21 22 23 24 25 26 |
---------------+-------------------------------------------------------------------------------+-----
Fighting       | 1 2 3 4 5 6 7 8 10 11 13 14 16 17 18 19 20 21 22 23 24 | 24.4
Ice Magic      | 5 6 7 8 9 10 11 12 13 | 13.6
Spellcasting   | 3 4 5 6 7 8 9 10 11 | 11.1
Polearms       | 1 4 5 9 11 13 14 16 19 20 | 20.0
Invocations    | 3 5 7 9 10 11 | 11.1
Dodging        | 4 7 9 11 13 14 15 16 17 18 20 21 22 | 22.6
Armour         | 2 4 5 6 8 9 10 11 12 13 14 15 | 15.2
Translocations | 1 3 5 7 8 |  8.8
Evocations     | 3 7 9 10 11 13 14 15 16 18 | 18.2
Stealth        | 6 10 12 | 12.0

Action                   |  1- 3 |  4- 6 |  7- 9 | 10-12 | 13-15 | 16-18 | 19-21 | 22-24 | 25-27 || total
-------------------------+-------+-------+-------+-------+-------+-------+-------+-------+-------++-------
Melee: Dagger            |    40 |       |       |       |       |       |       |       |       ||    40
       Whip              |    11 |    87 |     3 |       |       |       |       |       |       ||   101
       Spear             |       |       |   146 |       |       |       |       |       |       ||   146
       Halberd           |       |       |    96 |   470 |   954 |       |       |       |       ||  1520
       Tailslap          |       |       |       |     6 |       |    15 |       |       |       ||    21
       Bardiche          |       |       |       |       |    27 |   267 |       |     1 |       ||   295
       Glaive            |       |       |       |       |       |   799 |  1109 |  1199 |  1131 ||  4238
Throw: Stone             |       |     2 |       |       |       |       |       |       |       ||     2
       Boomerang         |       |       |       |       |     6 |       |       |       |       ||     6
       Dart              |       |       |       |       |       |       |     1 |       |       ||     1
 Cast: Freeze            |    37 |    12 |     3 |     6 |     4 |       |       |       |       ||    62
       Frozen Ramparts   |     2 |    18 |    20 |    40 |    52 |    31 |    20 |     8 |    14 ||   205
       Ozocubu's Armour  |       |     3 |    12 |    15 |    64 |    26 |    10 |     1 |     9 ||   140
       Hailstorm         |       |       |       |       |    37 |     3 |       |       |       ||    40
       Apportation       |       |       |       |       |       |       |     2 |       |    12 ||    14
       Passage of Golubr |       |       |       |       |       |       |     1 |       |       ||     1
       Ozocubu's Refrige |       |       |       |       |       |       |     3 |     1 |       ||     4
Invok: Recall Ancestor   |       |       |     4 |     8 |    25 |    36 |    17 |    10 |    12 ||   112
       Ancestor Identity |       |       |     1 |       |       |       |       |       |       ||     1
       Ancestor Life: Kn |       |       |     1 |       |       |       |       |       |       ||     1
       Idealise          |       |       |       |     4 |     7 |    13 |     3 |    10 |     1 ||    38
       Transference      |       |       |       |       |     3 |    10 |       |     1 |       ||    14
 Abil: Evoke Invisibilit |       |       |       |       |       |       |       |     1 |       ||     1
Evoke: Wand              |       |       |       |       |     1 |       |       |     3 |     2 ||     6
  Use: Potion            |     1 |       |       |       |     3 |    11 |     3 |    11 |     4 ||    33
       Scroll            |       |     6 |       |    23 |    10 |    19 |     9 |    12 |    25 ||   104
 Stab: Sleeping          |     1 |     2 |       |     8 |     3 |     7 |    21 |    25 |    26 ||    93
       Distracted        |       |       |     3 |     5 |     4 |    11 |    14 |    21 |    20 ||    78
       Invisible         |       |       |       |       |       |     3 |       |       |       ||     3
Armor: Robe              |    13 |    12 |    12 |     4 |     1 |       |       |       |       ||    42
       Steam dragon scal |       |       |     9 |    10 |       |       |       |       |       ||    19
       Leather armour    |       |       |       |    62 |   212 |   184 |   128 |   132 |   181 ||   899
       Chain mail        |       |       |       |       |       |       |       |       |    15 ||    15
Dodge: Dodged            |    58 |    70 |   114 |   186 |   725 |   907 |   455 |   600 |   529 ||  3644
Block: Other             |       |       |       |    26 |   166 |   206 |   116 |   119 |   128 ||   761
       Reflection        |       |       |       |       |     7 |    22 |    11 |    11 |     6 ||    57
